 Dungeon Crawl Stone Soup version 0.29.1-13-g9f3cf754e1 (webtiles) character file.

Game seed: 5098478668270320249

71 cdecastro the Sneak (level 4, 0/21 HPs)
             Began as a Vine Stalker Enchanter on Jan 26, 2023.
             Slain by Grinder (4 damage)
             ... while paralysed by Grinder
             ... on level 3 of the Dungeon.
             The game lasted 00:03:55 (2076 turns).

cdecastro the Sneak (Vine Stalker Enchanter)        Turns: 2076, Time: 00:03:55

Health: 0/21       AC:  2    Str: 10    XL:     4   Next: 24%
Magic:  0/8        EV:  2    Int: 15    God:
Gold:   73         SH:  0    Dex: 17    Spells: 7/7 levels left

rFire   . . .      SeeInvis .   a - +1 dagger
rCold   . . .      Faith    .   (no shield)
rNeg    . . .      Spirit   +   b - +0 robe
rPois   .          Reflect  .   (no helmet)
rElec   .          Harm     .   (no cloak)
rCorr   .          Rampage  .   (no gloves)
Will    .....                   (no boots)
Stlth   +++.......              (no amulet)
HPRegen 0.87/turn               (no ring)
MPRegen 0.11/turn               (no ring)

@: paralysed, invisible
A: fangs 2, regeneration 1, magic shield, antimagic bite, no potion heal 2
a: no special abilities


You were on level 3 of the Dungeon.
You visited 1 branch of the dungeon, and saw 3 of its levels.

You collected 73 gold pieces.

Inventory:

Hand Weapons
 a - a +1 dagger (weapon)
Armour
 b - a +0 robe (worn)
 h - a +0 cloak
Scrolls
 d - a scroll of poison {unknown}
 e - a scroll of acquirement {unknown}
 f - 2 scrolls of identify {unknown}
 g - 4 scrolls of teleportation {unknown}
 k - a scroll of fear {unknown}
 l - a scroll of fog {unknown}
Potions
 c - 2 potions of invisibility
 i - a potion of attraction {unknown}
 j - a potion of brilliance {unknown}
 m - a potion of heal wounds {unknown}
 n - a potion of resistance {unknown}
 o - a potion of might {unknown}


   Skills:
 - Level 0.8 Short Blades
 - Level 1.5 Dodging
 + Level 4.6 Stealth
 - Level 2.1 Spellcasting
 * Level 4.4 Hexes


You had 7 spell levels left.
You didn't know any spells.
Your spell library contained the following spells:

 Spells                   Type           Power      Damage    Failure   Level
 Confusing Touch          Hex            14%        N/A       11%         3
 Tukima's Dance           Hex            14%        N/A       11%         3
 Ensorcelled Hibernation  Hex/Ice        16%        N/A       13%         2
 Apportation              Tloc           2%         N/A       22%         1
 Necrotise                Necr           4%         1d4       22%         1
 Summon Small Mammal      Summ           4%         N/A       22%         1
 Dazzling Flash           Conj/Hex       16%        N/A       26%         3
 Stone Arrow              Conj/Erth      2%         3d7       54%         3
 Animate Armour           Summ/Erth      2%         N/A       91%         4
 Lehudib's Crystal Spear  Conj/Erth      0%         10d2      100%        8


Dungeon Overview and Level Annotations

Branches:
Dungeon (3/15)

Altars:
Makhleb

Shops:
D:1 [

Annotations:
D:3 Grinder


Innate Abilities, Weirdness & Mutations

You have extremely sharp teeth.
Your natural rate of healing is unusually fast.
When hurt, damage is shared between your health and your magic reserves.
Your bite disrupts and absorbs the magic of your enemies.
Potions cannot restore your health.


Message History

The orc hits you with a +0 club.
You hit the orc.
You kill the orc!
You hear a zap.
You hear a grinding noise.
You closely miss the orc. Your bite misses the orc. The orc misses you.
You closely miss the orc. You punch the orc.
The orc is lightly wounded.
The orc hits you with a +2 vampiric hand axe.
The orc draws strength from your wounds!
You hit the orc. You bite the orc.
You kill the orc!
You barely miss the orc. Your bite misses the orc. You hit the orc.
You bite the orc.
You kill the orc!
Items here: ))) [ †.
Okay, then.
Unknown command.
You start resting.
HP restored.
You start resting.
You hear a zap.
You hear a grinding noise.
Grinder is nearby!
Press: ? - help, v - describe, . - travel
Here: Grinder The floor.
Unknown command.
You fade into invisibility!
You closely miss Grinder. Grinder gestures at you.
You suddenly lose the ability to move!
Grinder hits you!
You writhe in agony.
Grinder hits you!
* * * LOW HITPOINT WARNING * * *
You writhe in agony.
* * * LOW HITPOINT WARNING * * *
Grinder gestures at you. Pain shoots through your body!
* * * LOW HITPOINT WARNING * * *
Grinder hits you.
You die...

#.######
#...@5.#
#.####)#
###.#
#...#
#.### 5.#
##.#
####.####
#.<.....#


You could see Grinder (unable to see you).

Vanquished Creatures
  An adder (D:2)
  3 worms (D:2)
  A dart slug (D:3)
  3 orcs (D:3)
  A ball python (D:1)
  6 endoplasms
  3 giant cockroaches (D:2)
  2 goblins
  4 hobgoblins
  2 jackals (D:1)
  4 kobolds
  A quokka (D:1)
  4 bats
  5 frilled lizards
  4 rats
44 creatures vanquished.

Notes
Turn   | Place    | Note
-------+----------+-------------------------------------------
     0 | D:1      | cdecastro the Vine Stalker Enchanter began the quest for
                  | the Orb.
     0 | D:1      | Reached XP level 1. HP: 9/9 MP: 4/4
    45 | D:1      | Found a faded altar of an unknown god.
   188 | D:1      | Reached XP level 2. HP: 13/13 MP: 4/6
   324 | D:1      | Found Vokan Sono's Armour Boutique.
   832 | D:2      | Reached XP level 3. HP: 8/16 MP: 3/7
  1694 | D:2      | Gained mutation: Your natural rate of healing is unusually
                  | fast. [Vine Stalker growth]
  1694 | D:2      | Reached XP level 4. HP: 21/21 MP: 8/8
  1972 | D:3      | Found a burning altar of Makhleb.
  1989 | D:3      | Noticed Grinder
  2072 | D:3      | Paralysed by Grinder for 4 turns
  2076 | D:3      | Slain by Grinder

Illustrated notes

Levels and vault maps discovered:
D:1:      heliophobic_arrival_enchanted_forest, layout_rooms, serial_shops,
          nicolae_diamond_shop, hellmonk_ecumenical_altar_run_dry
D:2:      layout_basic, grunt_ministairs_12
D:3:      layout_loops_cross, mainiacjoe_overflow_24_doors, uniq_terence,
          uniq_grinder

Skill      XL: |  1  2  3 |
---------------+----------+-----
Stealth        | 4 |  4.6
Hexes          | 4 |  4.4
Short Blades   | |  0.8
Dodging        | |  1.5
Spellcasting   | |  2.1

Action                   |  1- 3 |  4- 6 || total
-------------------------+-------+-------++-------
Melee: Dagger            |    99 |    20 ||   119
       Bite              |    16 |     3 ||    19
       Punch             |     1 |     1 ||     2
  Use: Potion            |       |     1 ||     1
 Stab: Sleeping          |    14 |     4 ||    18
Armor: Robe              |    19 |       ||    19
Dodge: Dodged            |    54 |     8 ||    62
